 Dungeon Crawl Stone Soup version 0.29-a0-555-g3b24f45cc1 (webtiles) character file.

Game seed: 4812426913851033442

9 zishaf the Ducker (level 1, 0/16 HPs)
             Began as a Demigod Wanderer on June 7, 2022.
             Frozen to death by an endoplasm (5 damage)
             ... on level 1 of the Dungeon.
             The game lasted 00:01:10 (340 turns).

zishaf the Ducker (Demigod Wanderer)                 Turns: 340, Time: 00:01:10

Health: 0/16       AC:  3    Str: 13    XL:     1   Next: 86%
Magic:  2/4        EV: 13    Int: 13    God:
Gold:   3          SH:  0    Dex: 14    Spells: 1/2 levels left

rFire   . . .      SeeInvis .   a - +2 hand axe (elec)
rCold   . . .      Faith    .   (no shield)
rNeg    . . .      Spirit   .   f - +0 leather armour
rPois   .          Reflect  .   (no helmet)
rElec   .          Harm     .   (no cloak)
rCorr   .          Rampage  .   (no gloves)
Will    .....                   (no boots)
Stlth   +.........              (no amulet)
HPRegen 0.05/turn               (no ring)
MPRegen 0.09/turn               (no ring)

@: no status effects
A: high MP 1, forlorn, divine attributes
a: no special abilities


You were on level 1 of the Dungeon.
You visited 1 branch of the dungeon, and saw 1 of its levels.

You collected 3 gold pieces.

Inventory:

Hand Weapons
 a - a +2 hand axe of electrocution (weapon)
Missiles
 e - 57 stones
 i - 6 boomerangs (quivered)
 k - 2 throwing nets
Armour
 f - a +0 leather armour (worn)
Potions
 c - a potion of attraction
 d - 2 potions of haste
 g - a potion of flight {unknown}
 h - a potion of lignification {unknown}
 j - a potion of curing {unknown}


   Skills:
 + Level 1.3 Fighting
 + Level 0.0 Axes
 - Level 1.0 Armour
 - Level 4.5 Dodging
 - Level 1.0 Spellcasting
 * Level 2.3 Earth Magic


You had one spell level left.
You knew the following spells:

 Your Spells              Type           Power      Damage    Failure   Level
a - Sandblast             Erth           12%        2d6       14%         1

Your spell library contained the following spells:

 Spells                   Type           Power      Damage    Failure   Level
 Stone Arrow              Conj/Erth      6%         3d7       56%         3


Dungeon Overview and Level Annotations

Branches:
Dungeon (1/15)


Innate Abilities, Weirdness & Mutations

You have an increased reservoir of magic. (+10% MP)
You shall have no god before yourself.
Your divine heritage dramatically boosts your attributes as you level up.


Message History

There is a stone staircase leading down here.
A goblin comes into view. It is wielding a +0 club.
The goblin shouts!
You hit the goblin.
You kill the goblin!
No target in view!
No target in view!
You see here a +0 club.
Found a scale mail.
An endoplasm comes into view.
The endoplasm quivers.
The endoplasm freezes you.
You are frozen.
You barely miss the endoplasm. The endoplasm freezes you.
You are frozen.
You are too injured to fight recklessly!
You are too injured to fight recklessly!
You are too injured to fight recklessly!
You are too injured to fight recklessly!
Casting: Sandblast (safe; 14% risk of failure)
Confirm with . or Enter, or press ? or * to list all spells.
Aiming: Sandblast (safe; 14% risk of failure)
Press: ? - help, Shift-Dir - straight line, f - endoplasm
Aim: an endoplasm (98% to hit)
The blast of sand hits the endoplasm.
The endoplasm is lightly wounded.
e - 58 stones The endoplasm hits you.
Casting: Sandblast (safe; 14% risk of failure)
Confirm with . or Enter, or press ? or * to list all spells.
Aiming: Sandblast (safe; 14% risk of failure)
Press: ? - help, Shift-Dir - straight line, f/p - endoplasm
Aim: an endoplasm (lightly wounded, 98% to hit)
The blast of sand hits the endoplasm.
The endoplasm is heavily wounded.
e - 57 stones The endoplasm freezes you.
You are frozen.
You die...

#.#
#.###>###
#.#
#.......>
#.#
#########
#.# # #.#
# #.# #
#.# # #.#
# #@# #
#J# #.#
..# .##
#. #. #.


You could see an endoplasm.

Vanquished Creatures
  An endoplasm (D:1)
  A giant cockroach (D:1)
  2 goblins (D:1)
  2 hobgoblins (D:1)
  A frilled lizard (D:1)
  A rat (D:1)
8 creatures vanquished.

Notes
Turn   | Place    | Note
-------+----------+-------------------------------------------
     0 | D:1      | zishaf the Demigod Wanderer began the quest for the Orb.
     0 | D:1      | zishaf set off with the following items: a +0 dagger, 2
                  | throwing nets, a potion of attraction, a potion of haste,
                  | 27 stones, a +0 leather armour; and the following spell
                  | memorised: Sandblast; and the following spells available to
                  | memorise: Stone Arrow
     0 | D:1      | Reached XP level 1. HP: 16/16 MP: 4/4
   340 | D:1      | Frozen to death by an endoplasm

Illustrated notes

Levels and vault maps discovered:
D:1:      erik_arrival_orb_chamber, layout_loops_ring,
          ebering_ecumenical_altar_box

Skill      XL: |  1 |
---------------+----+-----
Earth Magic    | 2 |  2.3
Fighting       | |  1.3
Armour         | |  1.0
Dodging        | |  4.5
Spellcasting   | |  1.0

Action                   || total
-------------------------++-------
Melee: Hand axe          ||     6
       Dagger            ||     5
Throw: Boomerang         ||     5
 Cast: Sandblast         ||    10
Dodge: Dodged            ||    14

Table legend: (Time is in decaauts)
 A = Elapsed time spent in this place.
 B = Non-inter-level travel time spent in this place.
 C = Inter-level travel time spent in this place.
 D = Time resting spent in this place.
 E = Time spent auto-exploring this place.
 F = Levels seen in this place.
 G = Mean time per level.
                   A        B        C        D        E       F      G
               +--------+--------+--------+--------+--------+-----+--------+
         Total |    342 |    342 |      0 |      0 |    261 |   1 |  342.0 |
       Dungeon |    342 |    342 |      0 |      0 |    261 |   1 |  342.0 |
               +--------+--------+--------+--------+--------+-----+--------+

Top non-repeatable levels by time:
     D:1: 342 daAuts
